 Dungeon Crawl Stone Soup version 0.31.0-11-ge490571c62 (webtiles) character file.

Game seed: 5037325639842447456

234202 Flugkiller the Metallomancer (level 19, -3/168 HPs)
             Began as a Gargoyle Earth Elementalist on Jan 26, 2024.
             Was a High Priest of Sif Muna.
             Slain by a caustic shrike zombie (14 damage)
             ... on level 13 of a ziggurat.
             The game lasted 01:48:31 (28134 turns).

Flugkiller the Metallomancer (GrEE)                Turns: 28134, Time: 01:48:32

Health: -3/168     AC: 29    Str: 12      XL:     19   Next: 98%
Magic:  7/39       EV:  2    Int: 28      God:    Sif Muna [*****.]
Gold:   1359       SH:  0    Dex:  8 (10) Spells: 15/50 levels left

rFire   + + +        P - staff of earth
rCold   + . .        (no shield)
rNeg    + . .        F - melded +0 troll leather armour
rPois   ∞            H - melded +0 helmet of the Giraffatuar {rN+ rCorr MP+9 Dex-5}
rElec   .            K - melded +1 cloak {rCorr}
rCorr   .            G - melded +2 pair of gloves
SInv    +            C - melded +2 pair of boots
Will    +++..        T - amulet "Jogech" {RegenMP rPois rF+ Will+ Str-2}
Stlth   +            V - ring "Noum" {Fly Int+6 Slay+4 SInv Stlth-}
HPRegen 0.48/turn    k - ring of Milegau {Wiz ^Contam rF++ rC+ Will+}
MPRegen 0.66/turn

%: wizardry (x1)
@: tree-form, very slightly contaminated, slowed, very slow
A: stationary, stasis, torment immunity, boosted hp, sickness immunity, AC +14,
(big wings), negative energy resistance 1, (electricity resistance), torment
resistance 1, petrification resistance
a: Renounce Religion, Channel Magic, Forget Spell, Divine Exegesis


You were on level 13 of a ziggurat.
You worshipped Sif Muna.
Sif Muna was extremely pleased with you.
You were a tree.
You visited 2 branches of the dungeon, and saw 17 of its levels.
You visited 1 bazaar.
You visited 1 ziggurat, and saw 13 of its levels.
You also visited: Sewer, Ossuary and Gauntlet.

You collected 2079 gold pieces.
You spent 720 gold pieces at shops.

Inventory:

Hand Weapons
 L - the +6 Majin-Bo {spellvamp, MP+6 Int+6}
   (You found it on level 10 of a ziggurat)

   Int+6:     It affects your intelligence (+6).
   MP+6:      It affects your magic capacity (+6).
 Y - a +5 dagger of distortion
   (You found it in a Gauntlet)
Missiles
 c - 4 throwing nets
 Z - 2 curare-tipped darts (quivered)
Armour
 C - a +2 pair of boots (melded)
   (You found it on level 2 of the Dungeon)
 E - a +2 helmet
   (You found it on level 12 of the Dungeon)
 F - a +0 troll leather armour (melded)
   (You found it on level 12 of the Dungeon)
 G - a +2 pair of gloves (melded)
   (You found it on level 7 of the Dungeon)
 H - the +0 helmet of the Giraffatuar (melded) {rN+ rCorr MP+9 Dex-5}
   (You found it on level 8 of a ziggurat)

   Dex-5:     It affects your dexterity (-5).
   rN+:       It protects you from negative energy.
   MP+9:      It affects your magic capacity (+9).
   rCorr:     It protects you from acid and corrosion.
 J - a +1 robe of willpower
   (You took it off a wight on level 7 of the Dungeon)
 K - a +1 cloak of preservation (melded)
   (You found it in an ossuary)
 U - a +1 buckler of protection
   (You took it off a tengu warrior on level 14 of the Dungeon)
Magical Staves
 d - the staff of the Five Beasts {rElec rF+ Str-3 Dex+7 Fire}
   (You found it on level 7 of a ziggurat)

   [staff of fire]

   Base accuracy: +5 Base damage: 5 Base attack delay: 1.2 This weapon's minimum
   attack delay (0.6) is reached at skill level 12.
   Str-3:     It affects your strength (-3).
   Dex+7:     It affects your dexterity (+7).
   rF+:       It protects you from fire.
   rElec:     It insulates you from electricity.
   Fire:      It increases the power of your Fire spells.
   It falls into the 'Staves' category.
   It is a one-handed weapon.
 y - the staff of Cheese {*Corrode +Blink rPois rC++ Conj Alchemy}
   (You found it on level 7 of a ziggurat)

   [staff of alchemy]

   Base accuracy: +5 Base damage: 5 Base attack delay: 1.2 This weapon's minimum
   attack delay (0.6) is reached at skill level 12.
   rC++:      It greatly protects you from cold.
   rPois:     It protects you from poison +Blink: It lets you blink.
   *Corrode:  It may corrode you when you take damage.
   Conj:      It increases the power of your Conjurations spells.
   Alchemy:   It increases the power of your Alchemy spells.
   It falls into the 'Staves' category.
   It is a one-handed weapon.
 P - a staff of earth (weapon)
   (You found it on level 4 of a ziggurat)
Jewellery
 k - the ring of Milegau (right branch) {Wiz ^Contam rF++ rC+ Will+}
   (You found it on level 11 of a ziggurat)

   [ring of wizardry]

   Wiz:       It improves your spell success rate.
   rF++:      It greatly protects you from fire.
   rC+:       It protects you from cold.
   Will+:     It increases your willpower.
   ^Contam:   It causes magical contamination when unequipped.
 m - a ring of willpower
   (You found it on level 14 of the Dungeon)
 o - a ring of positive energy
   (You found it on level 3 of the Dungeon)
 p - a +4 ring of protection
   (You found it on level 6 of a ziggurat)
 A - a ring of fire
   (You found it on level 4 of the Dungeon)
 Q - a ring of ice
   (You found it on level 11 of the Dungeon)
 R - a +6 ring of intelligence
   (You found it in a Gauntlet)
 T - the amulet "Jogech" (around neck) {RegenMP rPois rF+ Will+ Str-2}
   (You found it in a Gauntlet)

   [amulet of magic regeneration]

   RegenMP:   It increases your rate of magic regeneration.
   Str-2:     It affects your strength (-2).
   rF+:       It protects you from fire.
   rPois:     It protects you from poison Will+: It increases your willpower.
 V - the ring "Noum" (left branch) {Fly Int+6 Slay+4 SInv Stlth-}
   (You took it off a minotaur in a Gauntlet)

   [ring of slaying]

   Int+6:     It affects your intelligence (+6).
   Slay+4:    It affects your accuracy & damage with ranged weapons and melee
   (+4).
   SInv:      It lets you see invisible.
   Fly:       It grants you flight.
   Stlth-:    It makes you less stealthy.
Talismans
 r - a talisman of death
   (You found it on level 11 of a ziggurat)
Wands
 f - a wand of mindburst (16)
   (You found it on level 7 of a ziggurat)
 j - a wand of charming (14)
   (You found it on level 4 of the Dungeon)
 v - a wand of digging (16)
   (You found it on level 11 of the Dungeon)
 x - a wand of iceblast (11)
   (You found it on level 1 of the Depths)
 D - a wand of acid (5)
   (You found it on level 15 of the Dungeon)
Scrolls
 a - 2 scrolls of brand weapon
 t - 10 scrolls of teleportation
 u - 7 scrolls of fog
 z - 2 scrolls of blinking
 I - 4 scrolls of immolation
 N - 4 scrolls of poison
 W - a scroll of summoning
 X - a scroll of revelation
Potions
 b - 3 potions of magic
 e - 2 potions of cancellation
 g - 3 potions of enlightenment
 h - a potion of haste
 i - a potion of lignification
 l - a potion of ambrosia
 n - a potion of resistance
 q - 11 potions of curing
 s - 3 potions of mutation
 w - a potion of heal wounds
 B - a potion of brilliance
Miscellaneous
 O - a box of beasts
   (You found it on level 11 of the Dungeon)
 S - a phantom mirror
   (You found it in a Gauntlet)


   Skills:
 - Level 10.0 Fighting
 - Level 1.5 Dodging
 - Level 2.1 Stealth
 - Level 16.0 Spellcasting
 - Level 4.1 Conjurations
 + Level 13.9 Fire Magic
 - Level 24.0 Earth Magic
 - Level 2.8 Alchemy
 - Level 9.4 Invocations
 - Level 5.7 Evocations


You had 15 spell levels left.
You knew the following spells:

 Your Spells              Type           Power      Damage    Failure   Level
a - Sandblast             Erth           100%       2d20      0%          1
b - Stone Arrow           Conj/Erth      100%       3d13      0%          3
c - Petrify               Alch/Erth      98%        N/A       1%          4
d - Shatter               Erth           62%        3d46*     4%          9
i - Irradiate             Conj/Alch      20%        3d18      6%          5
r - Blink                 Tloc           44%        N/A       1%          2
w - Passwall              Erth           100%       N/A       0%          3
I - Ignition              Fire           39%        3d12      19%         8

Your spell library contained the following spells:

 Spells                   Type           Power      Damage    Failure   Level
 Lee's Rapid Deconstruct  Erth           62%        3d29*     0%          5
 Foxfire                  Conj/Fire      100%       2x1d9     1%          1
 Freeze                   Ice            88%        1d9       1%          1
 Magic Dart               Conj           100%       1d8       1%          1
 Necrotise                Necr           88%        1d8       1%          1
 Sting                    Conj/Alch      100%       1d9       1%          1
 Call Imp                 Summ           44%        N/A       1%          2
 Ensorcelled Hibernation  Hex/Ice        44%        N/A       1%          2
 Mercury Vapours          Alch/Air       60%        N/A       1%          2
 Searing Ray              Conj           90%        2d7       1%          2
 Dazzling Flash           Conj/Hex       66%        N/A       1%          3
 Hailstorm                Conj/Ice       33%        3d8       1%          3
 Inner Flame              Hex/Fire       57%        N/A       1%          3
 Mephitic Cloud           Conj/Alch/Air  35%        N/A       1%          3
 Volatile Blastmotes      Fire/Tloc      100%       2d18      1%          3
 Animate Armour           Summ/Erth      100%       N/A       1%          4
 Brom's Barrelling Bould  Conj/Erth      100%       2d11      1%          4
 Flame Wave               Conj/Fire      64%        2d15      1%          4
 Leda's Liquefaction      Alch/Erth      49%        N/A       1%          4
 Sticky Flame             Fire/Alch      62%        2d10      1%          4
 Frozen Ramparts          Ice            44%        1d7       2%          3
 Fugue of the Fallen      Necr           22%        N/A       2%          3
 Ozocubu's Armour         Ice            22%        N/A       2%          3
 Summon Ice Beast         Ice/Summ       22%        N/A       2%          3
 Swiftness                Air            22%        N/A       2%          3
 Vampiric Draining        Necr           22%        2d7       2%          3
 Fulminant Prism          Conj/Alch      20%        3d12      2%          4
 Olgreb's Toxic Radiance  Alch           38%        N/A       2%          4
 Iskenderun's Mystic Bla  Conj/Tloc      33%        2d8       4%          4
 Manifold Assault         Tloc           22%        N/A       9%          4
 Martyr's Knell           Necr/Summ      22%        N/A       9%          4
 Summon Lightning Spire   Summ/Air       22%        N/A       9%          4
 Freezing Cloud           Conj/Ice/Air   15%        6-21      14%         5
 Lehudib's Crystal Spear  Conj/Erth      50%        10d12     17%         8
 Curse of Agony           Necr           22%        N/A       24%         5
 Metabolic Englaciation   Hex/Ice        11%        N/A       24%         5
 Silence                  Hex/Air        11%        N/A       24%         5
 Summon Mana Viper        Hex/Summ       22%        N/A       24%         5
 Conjure Ball Lightning   Conj/Air       16%        3x3d6     47%         6
 Sculpt Simulacrum        Ice/Alch       15%        N/A       56%         6
 Orb of Destruction       Conj           22%        9d8       77%         7
 Monstrous Menagerie      Summ           11%        N/A       99%         7
 Ozocubu's Refrigeration  Ice            11%        4d9       99%         7
 Discord                  Hex            11%        N/A       100%        8
 Disjunction              Tloc           11%        N/A       100%        8
 Chain Lightning          Conj/Air       16%        3d22      100%        9
 Fire Storm               Conj/Fire      32%        8d8       100%        9
 Polar Vortex             Ice            11%        12d1*     100%        9


Dungeon Overview and Level Annotations

Branches:
Dungeon (15/15) Zot: 24245  Temple (0/1) D:6            Lair (0/5) D:9
    Orc (0/2) D:12         Vaults (0/5) D:14         Depths (2/4) D:15 Zot: 8914
  Sewer (visited)         Ossuary (visited)         Gauntlet (visited)

Altars:
Ashenzari
Elyvilon
Kikubaaqudgha
Qazlal
Ru
Sif Muna
Trog
Yredelemnul
Zin

Shops:
D:2 (   D:5 *

Portals:
Hell: Depths:1 Depths:2
Trove: D:13 (show abyssal rune of Zot)

Annotations:
D:5 3 runed translucent doors, Sapher's ghost, amateur HOFi; p0werm0de's ghost, novice BaCK
D:14 1 runed translucent door
Depths:2 1 exclusion


Innate Abilities, Weirdness & Mutations

You are a tree.
Your roots penetrate the ground, keeping you stationary.
You cannot be teleported.
You are immune to unholy pain and torment.
Your maximum health is greatly increased.
Your equipment is partially melded.
You are immune to sickness and miasma.
((Your stone body is resilient. (AC +14)))
You are immune to poison.
((Your large and strong wings let you fly.))
You resist negative energy. (rN+)
((You are resistant to electric shocks. (rElec)))
You are resistant to unholy torment.
You are immune to petrification.


Message History

You destroy the royal mummy!
Sif Muna accepts your kill.
The death scarab disappears in a puff of smoke!
You destroy the laughing skull!
The laughing skull disappears in a puff of smoke!
You destroy the death scarab!
The death scarab's corpse disappears in a puff of smoke!
You destroy the royal mummy!
Sif Muna accepts your kill.
The emperor scorpion disappears in a puff of smoke! x4
You destroy the jiangshi!
The jiangshi disappears in a puff of smoke!
The royal mummy is severely damaged.
You destroy the death scarab!
The death scarab's corpse disappears in a puff of smoke!
You destroy the death scarab!
The death scarab's corpse disappears in a puff of smoke!
The royal mummy is severely damaged.
Sif Muna accepts your kill.
You feel a bit more experienced.
You destroy the guardian mummy!
Sif Muna accepts your kill. x2
You feel a bit more experienced.
You destroy the guardian mummy!
Sif Muna accepts your kill. x2
You feel a bit more experienced. Sif Muna accepts your kill.
You feel a bit more experienced.
You destroy the mummy priest!
Sif Muna accepts your kill.
You destroy the guardian mummy!
Sif Muna accepts your kill.
You feel extremely nervous for a moment...
You feel a surge of unholy energy.
You feel extremely nervous for a moment...
You feel horribly lethargic.
You feel as though you will be slow longer.
You feel extremely nervous for a moment...
You feel weird for a moment.
You feel extremely nervous for a moment...
You feel a surge of unholy energy.
You feel extremely nervous for a moment...
Something just walked over your grave.
No, really!
You feel extremely nervous for a moment...
Strange energies run through your body.
You feel extremely nervous for a moment...
Something just walked over your grave.
No, really!
You feel extremely nervous for a moment...
You are engulfed in negative energy!
You feel clumsy.
You feel extremely nervous for a moment...
You feel horribly lethargic.
You feel as though you will be slow longer.
The caustic shrike zombie barely misses you.
The royal mummy casts a spell.
An ushabti comes into view.
The caustic shrike zombie claws you but does no damage.
The ushabti moves out of view.
You hear a faint skittering sound.
You feel your dexterity returning.
Casting: Shatter (dangerous; 4% risk of failure)
Confirm with . or Enter, or press ? or * to list all spells.
You feel a surge of power!
The dungeon rumbles!
The caustic shrike zombie is severely damaged.
The emperor scorpion is severely wounded.
The royal mummy is almost destroyed.
You destroy the royal mummy!
Sif Muna accepts your kill.
The juggernaut zombie is heavily damaged.
You destroy the death scarab!
The death scarab's corpse disappears in a puff of smoke!
You destroy the ushabti!
Sif Muna accepts your kill.
You destroy the mummy!
Sif Muna accepts your kill.
You feel extremely nervous for a moment...
You feel horribly lethargic.
You feel as though you will be slow longer.
A death scarab comes into view.
The caustic shrike zombie claws you.
* * * LOW HITPOINT WARNING * * *
The caustic shrike zombie claws you!
* * * LOW HITPOINT WARNING * * *
The death scarab moves out of view.
You feel your dexterity returning.
Casting: Shatter (dangerous; 4% risk of failure)
Confirm with . or Enter, or press ? or * to list all spells.
You feel a surge of power!
The dungeon rumbles!
You kill the emperor scorpion!
The emperor scorpion's corpse disappears in a puff of smoke!
The caustic shrike zombie is severely damaged.
You destroy the royal mummy!
Sif Muna accepts your kill.
The juggernaut zombie is almost destroyed.
You feel extremely nervous for a moment...
You feel weird for a moment.
You feel less invigorated. The caustic shrike zombie claws you!
You die...

▓▓............
▓.............
▓▓.............
▓..............
▓.......§.§....
▓.......§.§....
▓▓..............
▓..∩....♣ZZ§....
▓▓....§...§.....
▓....§.....§...
▓.....§....§...
▓...........§..
▓▓.............
▓.............
▓▓............


You could see a caustic shrike zombie and a juggernaut zombie.

Vanquished Creatures
  An ancient lich (Zig:8)
  4 royal mummies (Zig:13)
  Jorgrun (D:13)
  A tentacled monstrosity (Zig:11)
  A titan (Zig:5)
  2 deep elf blademasters (Zig:10)
  A deep elf master archer (Zig:10)
  An acid blob (Zig:7)
  2 ancient champions
  3 fire giants (Depths:1)
  A fenstrider witch (Zig:11)
  2 revenants
  2 rockslimes (Zig:7)
  An iron dragon (Depths:2)
  2 frost giants
  3 curse skulls
  A reaper (Zig:6)
  2 quicksilver oozes (Zig:7)
  5 very ugly things (Depths:1)
  6 stone giants
  A caustic shrike skeleton (Zig:13)
  A juggernaut skeleton (Zig:13)
  4 vampire knights
  3 spriggan defenders (Depths:2)
  A deep elf demonologist (Zig:10)
  2 eleionomae (Zig:11)
  A deep elf death mage (Zig:8)
  A bunyip (Zig:11)
  7 spark wasps
  2 deep elf annihilators (Zig:10)
  Snorg (D:10)
  6 ettins
  4 mummy priests (Zig:13)
  2 eidola
  6 fire dragons
  A merfolk javelineer (Zig:12)
  2 jiangshi
  A merfolk impaler (Zig:12)
  2 ice dragons
  3 vault guards
  A great orb of eyes (Gauntlet)
  A spriggan skeleton (Depths:2)
  Josephine (D:11)
  2 rakshasas (Depths:1)
  A ghost crab (Zig:11)
  5 hydras
  9 centaur warriors
  2 alligators (Zig:11)
  4 two-headed ogres
  6 tengu warriors
  A spriggan air mage (Zig:5)
  3 deep troll shamans
  2 boulder beetles
  4 deep troll earth magi
  2 dancing weapons (Zig:10)
  A death knight (D:12)
  2 merfolk aquamancers (Zig:12)
  2 shock serpents
  4 spriggan berserkers
  5 vampire magi
  A thrashing horror (Zig:2)
  Nergalle (D:10)
  A shock serpent (shapeshifter) (Zig:1)
  2 deep elf knights (Zig:10)
  An iron troll (Depths:1)
  5 skeletal warriors (D:12)
  Lodul (D:12)
  A deep troll (shapeshifter) (Depths:2)
  5 sea snakes (Zig:12)
  8 deep trolls
  A goliath frog (Zig:11)
  A mana viper (Zig:3)
  A spriggan druid (Zig:11)
  2 glowing orange brains (Depths:1)
  An arcanist (D:13)
  A bog body (Zig:11)
  3 harpies (Zig:12)
  2 deep elf archers (Zig:10)
  5 deep elf pyromancers
  A flayed ghost (Depths:2)
  2 swamp dragons (Zig:11)
  A necromancer (Depths:2)
  2 deep elf zephyrmancers (Zig:10)
  8 cyclopes
  A will-o-the-wisp (Zig:11)
  A wolf spider (D:14)
  6 manticores
  19 ugly things
  A shining eye (Zig:7)
  Joseph (D:10)
  3 meliai (D:13)
  A merfolk siren (Zig:12)
  An apocalypse crab (Zig:1)
  5 water nymphs (Zig:12)
  2 black mambas (Zig:3)
  A smoke demon (Zig:2)
  A guardian serpent (Zig:3)
  A gargoyle (D:12)
  2 unseen horrors (D:11)
  3 efreet
  A large abomination (Zig:2)
  A yaktaur (D:13)
  2 freezing wraiths (D:14)
  A kobold demonologist (D:13)
  3 komodo dragons
  4 unseen horror zombies (D:9)
  6 guardian mummies (Zig:13)
  2 tengu conjurers
  3 merfolk (Zig:12)
  11 trolls
  An ancient zyme (Zig:2)
  A merfolk (shapeshifter) (Depths:2)
  A tyrant leech (Zig:11)
  4 hornets
  A raiju (shapeshifter) (Zig:10)
  A glass eye (Zig:7)
  2 snapping turtles (Zig:12)
  A jumping spider (shapeshifter) (D:14)
  7 slime creatures
  4 shadows
  A water elemental (Depths:1)
  3 spriggans
  6 wraiths
  An air elemental (Zig:5)
  A basilisk (shapeshifter) (D:13)
  An ushabti (Zig:13)
  2 wyverns
  A basilisk (D:14)
  8 yaks
  A fire elemental (Zig:10)
  2 steam dragons
  4 vampire mosquitoes
  An acid dragon (D:11)
  Edmund (D:6)
  A water moccasin (D:8)
  Duvessa (D:6)
  A glowing shapeshifter skeleton (Depths:2)
  An ice beast (D:5)
  Pargi (Sewer)
  A hornet zombie (D:9)
  6 orc warriors
  A sky beast (D:7)
  2 laughing skulls
  3 small abominations (Gauntlet)
  9 ogres
  13 centaurs
  6 kobold brigands
  Blork the orc (D:6)
  2 bullfrogs
  2 gnoll sergeants
  3 scorpions
  2 water moccasin zombies (Ossuary)
  A burial acolyte (Ossuary)
  10 wights
  Dowan (D:6)
  3 killer bees (D:10)
  6 howler monkeys
  2 jellies (D:6)
  2 centaur zombies (D:9)
  4 hounds
  7 orc priests
  A gnoll bouda (D:5)
  4 iguanas
  A sleepcap (D:8)
  8 orc wizards
  2 killer bee zombies (D:9)
  2 crocodile zombies (Ossuary)
  7 mummies
  2 howler monkey zombies (D:9)
  9 adders
  13 gnolls
  2 river rats (D:5)
  A shadow imp (D:6)
  2 white imps
  2 ufetubi (D:6)
  4 adder zombies (Ossuary)
  3 dart slugs
  40 orcs
  6 endoplasms
  3 giant cockroaches (D:1)
  12 gnoll zombies (Ossuary)
  6 goblins
  11 hobgoblins
  5 jackals
  2 quokkas
  9 ball pythons
  8 bats
  4 frilled lizards
  3 jackal zombies (Ossuary)
  32 kobolds
  6 orc zombies (Ossuary)
  3 rats (D:2)
652 creatures vanquished.

Vanquished Creatures (collateral kills)
  Rupert (D:15)
  A minotaur (Gauntlet)
  A hydra (D:15)
  An ugly thing (Gauntlet)
  A deep elf pyromancer (D:13)
5 creatures vanquished.

Vanquished Creatures (others)
  A yak (D:9)
  An orc wizard (D:6)
  A boggart simulacrum (D:13)
3 creatures vanquished.

Grand Total: 660 creatures vanquished

Notes
Turn   | Place    | Note
-------+----------+-------------------------------------------
     0 | D:1      | Flugkiller the Gargoyle Earth Elementalist began the quest
                  | for the Orb.
     0 | D:1      | Reached XP level 1. HP: 10/10 MP: 3/3
   117 | D:1      | Reached XP level 2. HP: 15/15 MP: 1/5
   129 | D:1      | Reached skill level 4 in Earth Magic
   356 | D:1      | Reached XP level 3. HP: 17/19 MP: 0/6
   675 | D:2      | Identified the +3 dagger "Qehecam" {heavy, rF+ Str+3 Dex+2}
   876 | D:2      | Reached XP level 4. HP: 24/24 MP: 6/8
   938 | D:2      | Found Sasm's Antique Weapon Shoppe.
   960 | D:2      | Found a faded altar of an unknown god.
  1125 | D:2      | Reached skill level 5 in Earth Magic
  1483 | D:2      | Found a white marble altar of Elyvilon.
  1539 | D:3      | Learned a level 3 spell: Stone Arrow
  1652 | D:3      | Found a shimmering blue altar of Sif Muna.
  1691 | D:3      | Became a worshipper of Sif Muna the Loreminder
  1737 | D:3      | Found a stormy altar of Qazlal.
  2021 | D:4      | Reached XP level 5. HP: 28/28 MP: 7/10
  2214 | D:4      | Noticed an ogre
  2450 | D:3      | Reached skill level 6 in Earth Magic
  2450 | D:3      | Reached XP level 6. HP: 7/32 MP: 8/12
  2745 | D:4      | Found a sacrificial altar of Ru.
  2871 | D:5      | Entered Level 5 of the Dungeon
  2878 | D:5      | Found a glowing drain.
  2891 | D:5      | Reached * piety under Sif Muna
  2904 | Sewer    | Entered a sewer
  3010 | Sewer    | Noticed Pargi
  3017 | Sewer    | Killed Pargi
  3018 | Sewer    | Reached skill level 5 in Spellcasting
  3018 | Sewer    | Reached skill level 7 in Earth Magic
  3018 | Sewer    | Reached XP level 7. HP: 35/36 MP: 10/14
  3485 | D:5      | Found a runed translucent gate.
  3533 | D:5      | Found a runed translucent gate.
  3533 | D:5      | Found a runed translucent gate.
  3534 | D:5      | Noticed p0werm0de's ghost (novice BaCK)
  3535 | D:5      | Noticed Sapher's ghost (amateur HOFi)
  3552 | D:5      | Identified the flux talisman "Arghuar" {Fly rN+++ Will+}
  3563 | D:5      | Found Foisoc's Gadget Gallery.
  3684 | D:5      | Found a glowing silver altar of Zin.
  3926 | D:5      | Reached skill level 8 in Earth Magic
  4506 | D:6      | Noticed Duvessa
  4506 | D:6      | Noticed Dowan
  4546 | D:6      | Reached XP level 8. HP: 41/41 MP: 13/17
  4757 | D:6      | Reached skill level 9 in Earth Magic
  5212 | D:6      | Killed Duvessa
  5212 | D:6      | Reached ** piety under Sif Muna
  5228 | D:6      | Killed Dowan
  5354 | D:6      | Found a staircase to the Ecumenical Temple.
  5424 | D:6      | Noticed Blork the orc
  5427 | D:6      | Killed Blork the orc
  5436 | D:6      | Noticed Edmund
  5450 | D:6      | Killed Edmund
  5451 | D:6      | Reached skill level 10 in Earth Magic
  5451 | D:6      | Reached XP level 9. HP: 44/45 MP: 13/20
  5906 | D:7      | Found a white marble altar of Elyvilon.
  5957 | D:7      | Found a sand-covered staircase.
  5968 | Ossuary  | Entered an ossuary
  6028 | Ossuary  | Reached skill level 11 in Earth Magic
  6065 | Ossuary  | Reached *** piety under Sif Muna
  7218 | D:8      | Reached skill level 12 in Earth Magic
  7223 | D:8      | Reached XP level 10. HP: 50/50 MP: 18/23
  7236 | D:8      | Found a basalt altar of Yredelemnul.
  8028 | D:9      | Reached **** piety under Sif Muna
  8094 | D:9      | Found a broken altar of Ashenzari.
  8133 | D:9      | Reached skill level 10 in Spellcasting
  8133 | D:9      | Reached skill level 13 in Earth Magic
  8491 | D:9      | Found a bloodstained altar of Trog.
  8507 | D:9      | Noticed a two-headed ogre
  8521 | D:9      | Killed a two-headed ogre
  8542 | D:9      | Reached skill level 14 in Earth Magic
  8664 | D:9      | Found a staircase to the Lair.
  8691 | D:9      | Reached XP level 11. HP: 54/54 MP: 15/25
  9077 | D:9      | Learned a level 4 spell: Petrify
  9081 | D:9      | Learned a level 3 spell: Passwall
  9106 | D:10     | Entered Level 10 of the Dungeon
  9227 | D:10     | Reached skill level 1 in Invocations
  9250 | D:10     | Noticed a manticore
  9297 | D:10     | Noticed Joseph
  9346 | D:10     | Killed Joseph
  9542 | D:10     | Noticed Nergalle
  9552 | D:10     | Noticed a spectral orc warlord
  9848 | D:10     | Killed Nergalle
 10065 | D:10     | Found an ancient bone altar of Kikubaaqudgha.
 10145 | D:10     | Noticed Snorg
 10645 | D:11     | Reached skill level 5 in Invocations
 10645 | D:11     | Reached skill level 1 in Fighting
 10706 | D:11     | Found a gate leading to a gauntlet.
 10715 | Gauntlet | Entered a Gauntlet
 10715 | Gauntlet | Found a transporter.
 10715 | Gauntlet | Found a transporter.
 10719 | Gauntlet | Found a transporter.
 10721 | Gauntlet | Found a transporter.
 10728 | Gauntlet | Found a transporter.
 10747 | Gauntlet | Found a transporter.
 10753 | Gauntlet | Noticed a large abomination
 10753 | Gauntlet | Noticed a great orb of eyes
 10754 | Gauntlet | Found a transporter.
 10755 | Gauntlet | Found a transporter.
 10755 | Gauntlet | Noticed a red ugly thing
 10756 | Gauntlet | Noticed a green ugly thing
 10757 | Gauntlet | Found a transporter.
 10761 | Gauntlet | Found a transporter.
 10766 | Gauntlet | Noticed a large abomination
 10795 | Gauntlet | Found a transporter.
 10813 | Gauntlet | Found a transporter.
 10859 | Gauntlet | Found a transporter.
 10877 | Gauntlet | Found a transporter.
 10976 | Gauntlet | Found a transporter.
 10994 | Gauntlet | Found a transporter.
 11089 | Gauntlet | Reached skill level 1 in Evocations
 11326 | Gauntlet | Killed a great orb of eyes
 11332 | Gauntlet | Killed a green ugly thing
 11338 | Gauntlet | Identified the amulet "Jogech" {RegenMP rPois rF+ Will+
                  | Str-2}
 11344 | Gauntlet | Killed a cyan ugly thing
 11351 | Gauntlet | Identified the amulet "Oreonig" {RegenMP rF+}
 11481 | Gauntlet | Identified the +8 spear of Foolhardiness {holy, *Rage Fly
                  | rN+ Stlth+}
 11481 | Gauntlet | Identified the ring "Noum" {Fly Int+6 Slay+4 SInv Stlth-}
 11481 | Gauntlet | Noticed a minotaur
 11486 | Gauntlet | Killed a minotaur
 11487 | Gauntlet | Reached skill level 5 in Evocations
 11677 | D:11     | Noticed a deep elf pyromancer
 11799 | D:11     | Killed a deep elf pyromancer
 11927 | D:10     | Killed a manticore
 12491 | D:10     | Killed Snorg
 12492 | D:10     | Reached XP level 12. HP: 67/67 MP: 27/27
 12534 | D:11     | Noticed Josephine
 12581 | D:10     | Reached skill level 5 in Fighting
 12603 | D:11     | Killed Josephine
 12661 | D:11     | Noticed a two-headed ogre
 12693 | D:11     | Killed a two-headed ogre
 12866 | D:11     | Noticed a two-headed ogre
 12877 | D:11     | Killed a two-headed ogre
 13358 | D:11     | Reached ***** piety under Sif Muna
 13635 | D:12     | Found a staircase to the Orcish Mines.
 13828 | D:12     | Noticed Lodul
 13838 | D:12     | Killed Lodul
 13838 | D:12     | Received a gift from Sif Muna
 14002 | D:12     | Noticed a boulder beetle
 14348 | D:12     | Killed a boulder beetle
 14721 | D:13     | Noticed a seven-headed hydra
 14726 | D:13     | Killed a seven-headed hydra
 14790 | D:13     | Noticed a centaur warrior
 14797 | D:13     | Killed a centaur warrior
 14893 | D:13     | Found a flickering gateway to a bazaar.
 14902 | Bazaar   | Entered a bazaar
 14902 | Bazaar   | Found Aloyll's Antique Armour Emporium.
 14906 | Bazaar   | Found Bokhlyeq's Jewellery Shop.
 14917 | Bazaar   | Found Dahuher's Book Boutique.
 14929 | Bazaar   | Found Keicze's Antique Armour Boutique.
 14935 | Bazaar   | Found Ymeno's Jewellery Boutique.
 14990 | Bazaar   | Bought a book of Annihilations for 720 gold pieces
 15052 | D:13     | Noticed Jorgrun
 15062 | D:13     | Reached XP level 13. HP: 74/74 MP: 30/30
 15298 | D:11     | Learned a level 2 spell: Blink
 15575 | D:12     | Reached skill level 15 in Earth Magic
 16242 | D:13     | Reached skill level 16 in Earth Magic
 16438 | D:14     | Found a runed translucent door.
 16522 | D:14     | Found a runed translucent door.
 17010 | D:14     | Reached skill level 17 in Earth Magic
 17043 | D:14     | Noticed a vault guard
 17049 | D:14     | Noticed a vault guard
 17113 | D:14     | Killed a vault guard
 17128 | D:14     | Noticed a vault guard
 18137 | D:12     | Reached skill level 18 in Earth Magic
 18775 | D:13     | Gained mutation: Your large and strong wings let you fly.
                  | [Gargoyle growth]
 18775 | D:13     | Reached XP level 14. HP: 67/80 MP: 17/31
 18834 | D:13     | Reached skill level 19 in Earth Magic
 18967 | D:13     | Killed Jorgrun
 19024 | D:13     | Found a portal to a secret trove of treasure.
 19519 | D:13     | Received a gift from Sif Muna
 19520 | D:13     | Got Sif Muna's Codex of Striking {god gift}
 19738 | D:14     | Reached skill level 20 in Earth Magic
 19814 | D:14     | Found a gate to the Vaults.
 20633 | D:13     | Identified the +0 robe "Ryilar" {Slay+3}
 20644 | D:13     | Reached skill level 21 in Earth Magic
 20913 | D:14     | Got Emux's Treatise on Wild Lava
 21168 | D:15     | Entered Level 15 of the Dungeon
 21428 | D:15     | Reached skill level 22 in Earth Magic
 22030 | D:15     | Noticed Rupert
 22041 | D:15     | Killed Rupert
 22042 | D:15     | Reached XP level 15. HP: 84/84 MP: 25/32
 22593 | D:15     | Learned a level 9 spell: Shatter
 22616 | D:15     | Found a staircase to the Depths.
 22646 | D:15     | Found a staircase to the Depths.
 23226 | D:15     | Found a staircase to the Depths.
 23451 | Depths:1 | Entered Level 1 of the Depths
 23856 | Depths:1 | Noticed a fire giant
 23921 | Depths:1 | Killed a fire giant
 23922 | Depths:1 | Reached skill level 23 in Earth Magic
 23984 | Depths:1 | Noticed a frost giant
 23986 | Depths:1 | Killed a frost giant
 24093 | Depths:1 | Found a gateway to Hell.
 24217 | Depths:1 | Noticed a fire giant
 24224 | Depths:1 | Killed a fire giant
 24485 | Depths:1 | Noticed a fire giant
 24488 | Depths:1 | Killed a fire giant
 24668 | Depths:1 | Reached skill level 24 in Earth Magic
 25863 | Depths:2 | Noticed a golden dragon
 25960 | Depths:2 | Reached XP level 16. HP: 58/94 MP: 13/34
 26370 | Depths:2 | Reached skill level 15 in Spellcasting
 26371 | Depths:2 | Reached skill level 1 in Alchemy
 26694 | Depths:2 | Noticed a golden dragon
 26738 | Depths:2 | Noticed a shadow dragon
 26743 | Depths:2 | Reached skill level 10 in Fighting
 27023 | Depths:2 | Found a one-way gateway to a ziggurat.
 27038 | Depths:2 | Learned a level 5 spell: Irradiate
 27039 | Zig:1    | Entered Level 1 of a ziggurat
 27117 | Zig:1    | Learned a level 8 spell: Ignition
 27118 | Zig:2    | Entered Level 2 of a ziggurat
 27269 | Zig:3    | Entered Level 3 of a ziggurat
 27299 | Zig:4    | Entered Level 4 of a ziggurat
 27299 | Zig:4    | Noticed an ancient champion
 27300 | Zig:4    | Killed an ancient champion
 27302 | Zig:4    | Received a gift from Sif Muna
 27457 | Zig:5    | Entered Level 5 of a ziggurat
 27466 | Zig:5    | Noticed a titan
 27470 | Zig:5    | Killed a titan
 27492 | Zig:5    | Reached XP level 17. HP: 82/102 MP: 21/36
 27493 | Zig:5    | Reached skill level 5 in Fire Magic
 27493 | Zig:5    | Reached XP level 18. HP: 86/107 MP: 21/37
 27557 | Zig:6    | Entered Level 6 of a ziggurat
 27581 | Zig:6    | Identified the +7 short sword of Ointment {venom, rCorr
                  | Stlth+}
 27646 | Zig:7    | Entered Level 7 of a ziggurat
 27651 | Zig:7    | Reached XP level 19. HP: 107/112 MP: 21/38
 27672 | Zig:7    | Identified the +0 long sword "Mitel" {speed, rF- Will+
                  | Dex+4 SInv}
 27681 | Zig:7    | Identified the staff of the Five Beasts {rElec rF+ Str-3
                  | Dex+7 Fire}
 27682 | Zig:7    | Identified the staff of Cheese {*Corrode +Blink rPois rC++
                  | Conj Alchemy}
 27724 | Zig:8    | Entered Level 8 of a ziggurat
 27729 | Zig:8    | Noticed an ancient lich
 27730 | Zig:8    | Killed an ancient lich
 27751 | Zig:8    | Identified the +0 helmet of the Giraffatuar {rN+ rCorr MP+9
                  | Dex-5}
 27756 | Zig:8    | Identified the amulet "Wiblunon" {Faith Harm Dex+2}
 27820 | Zig:9    | Entered Level 9 of a ziggurat
 27826 | Zig:9    | Noticed an Ice Fiend
 27826 | Zig:9    | Noticed a Hell Sentinel
 27826 | Zig:9    | Noticed a Brimstone Fiend
 27827 | Zig:9    | Noticed Ezuij the pandemonium lord
 27831 | Zig:9    | Noticed a Hell Sentinel
 27834 | Zig:10   | Entered Level 10 of a ziggurat
 27845 | Zig:10   | Reached skill level 10 in Fire Magic
 27862 | Zig:10   | Found the +6 Majin-Bo {spellvamp, MP+6 Int+6}
 27888 | Zig:10   | Identified the +1 hand cannon of Papijah {heavy, Str+3}
 27918 | Zig:11   | Entered Level 11 of a ziggurat
 27924 | Zig:11   | Noticed a tentacled monstrosity
 27927 | Zig:11   | Killed a tentacled monstrosity
 27950 | Zig:11   | Identified the staff "Waiprud" {rF+ rN++ Fire}
 27951 | Zig:11   | Identified the ring of Milegau {Wiz ^Contam rF++ rC+ Will+}
 27967 | Zig:11   | Identified the +2 dire flail "Tofidd" {freeze, rCorr Dex+4}
 27991 | Zig:12   | Entered Level 12 of a ziggurat
 28064 | Zig:12   | Identified the +7 chain mail of Indecent Exposure {rElec}
 28070 | Zig:12   | Got the Codex of Frostbite
 28119 | Zig:13   | Entered Level 13 of a ziggurat
 28124 | Zig:13   | Noticed a royal mummy
 28126 | Zig:13   | Noticed a royal mummy
 28127 | Zig:13   | Noticed a royal mummy
 28127 | Zig:13   | Noticed a royal mummy
 28132 | Zig:13   | Killed a royal mummy
 28132 | Zig:13   | Killed a royal mummy
 28133 | Zig:13   | Killed a royal mummy
 28134 | Zig:13   | Killed a royal mummy
 28134 | Zig:13   | Slain by a caustic shrike zombie

Illustrated notes

Levels and vault maps discovered:
D:1:      erik_arrival_triangle_medium, layout_rooms
D:2:      layout_loops_corners, shapermc_ecumenical_altar_pompeii, serial_shops,
          shop, basic_altar, minmay_misc_feat_more_columns
D:3:      layout_rooms, grunt_qazlal_clouds, mainiacjoe_overflow_24_doors
D:4:      layout_basic, kennysheep_little_box
D:5:      layout_layer_cave, kennysheep_mini, gammafunk_ghost_cemetery,
          cheibrodos_sewer_entry_sluice, nicolae_shop_gadgets
D:6:      layout_basic, minmay_temple_entry_poolview, uniq_blork_the_orc,
          uniq_edmund, uniq_duvessa
D:7:      layout_basic, elyvilon_altar_3, enter_ossuary_1
D:8:      layout_basic, mainiacjoe_overflow_brackets
D:9:      layout_basic, mainiacjoe_overflow_six_doors_small,
          mainiacjoe_overflow_concentric_impassable, david_lair_shrubbed,
          serial_undead, serial_undead_e, serial_undead_f, serial_undead_a,
          serial_undead_c, statue_in_the_mist_lemuel
D:10:     layout_loops_ring, kiku_gazebo_garden_becter, uniq_nergalle,
          uniq_joseph, uniq_snorg
D:11:     layout_cave_pods, gauntlet_entry_generic, minmay_fractal_squares_5,
          uniq_josephine
D:12:     layout_gridville, orc_david_3, uniq_lodul
D:13:     minmay_chambers_of_sevens, layout_basic, serial_shops, bzr_firewalk,
          enter_trove_3, st_stairs_1, uniq_jorgrun
D:14:     cheibrodos_histonic, layout_long_grid,
          lightli_vaults_fourway_checkpoint, nicolae_figureground_sparkle
D:15:     grunt_enter_depths_hoard, layout_cross, nicolae_water_bricks,
          uniq_rupert
Depths:1: layout_gridlike, pf_vacation_house_of_asmodeus, hex_tiny,
          lightli_minifort
Depths:2: minmay_the_grid_square_5x5_4x4_mashed
          [minmay_the_grid_square_5x5_half_checkered,
          minmay_the_grid_square_5x5_gyroscope,
          minmay_the_grid_square_5x5_minimal,
          minmay_the_grid_square_5x5_shrine1,
          minmay_the_grid_square_5x5_n_small,
          minmay_the_grid_square_5x5_prize_monsterx,
          minmay_the_grid_square_5x5_prize_rear_guard,
          minmay_the_grid_square_5x5_shrine2,
          minmay_the_grid_square_5x5_six_small,
          minmay_the_grid_square_5x5_prize_junk,
          minmay_the_grid_square_5x5_prize_gold,
          minmay_the_grid_square_5x5_lines,
          minmay_the_grid_square_5x5_tetrominoes,
          minmay_the_grid_square_5x5_doubleslash,
          minmay_the_grid_square_5x5_eight,
          minmay_the_grid_square_5x5_shuriken], layout_honeycomb,
          enter_ziggurat_b, minmay_misc_feat_enclosed, grunt_pan_entry_spiral,
          hell_entry, infiniplex_staircase_9_rooms
Zig:13

Skill      XL: |  1  2  3  4  5  6  7  8  9 10 11 12 13 14 15 16 17 18 19 |
---------------+----------------------------------------------------------+-----
Earth Magic    | 4 5 6 7 8 10 12 14 18 22 24 | 24.0
Spellcasting   | 3 4 5 6 7 9 10 11 13 14 15 16 | 16.0
Invocations    | 5 9 |  9.4
Fighting       | 4 6 8 10 | 10.0
Evocations     | 5 |  5.7
Conjurations   | 4 |  4.1
Alchemy        | 2 |  2.8
Fire Magic     | 5 6 13 | 13.9
Dodging        | |  1.5
Stealth        | |  2.1

Action                     |  1- 3 |  4- 6 |  7- 9 | 10-12 | 13-15 | 16-18 | 19-21 || total
---------------------------+-------+-------+-------+-------+-------+-------+-------++-------
  Melee: Unarmed           |    16 |       |       |       |       |       |       ||    16
         Dagger            |       |       |    26 |    10 |   132 |     7 |       ||   175
         Punch             |       |       |     2 |     1 |       |       |       ||     3
         Spear             |       |       |       |    30 |    17 |       |       ||    47
  Throw: Dart              |       |       |       |     2 |     2 |     2 |       ||     6
   Cast: Sandblast         |    45 |    58 |   188 |    80 |     6 |       |     4 ||   381
         Stone Arrow       |       |     4 |    28 |   223 |   399 |    19 |     9 ||   682
         Petrify           |       |       |       |    18 |    66 |    10 |       ||    94
         Passwall          |       |       |       |     2 |     1 |       |       ||     3
         Blink             |       |       |       |       |    15 |       |       ||    15
         Shatter           |       |       |       |       |    41 |    43 |    30 ||   114
         Irradiate         |       |       |       |       |       |     3 |       ||     3
 Invoke: Channel Magic     |       |       |       |       |       |     6 |     9 ||    15
  Evoke: Wand              |       |     8 |     3 |    11 |    15 |     2 |     2 ||    41
         Phantom mirror    |       |       |       |     2 |     2 |       |       ||     4
         Box of beasts     |       |       |       |     1 |     1 |       |       ||     2
    Use: Scroll            |       |     5 |     3 |    14 |    12 |     9 |     8 ||    51
         Potion            |       |       |     3 |     4 |     3 |     7 |     3 ||    20
   Stab: Petrified         |       |       |       |    17 |    76 |       |       ||    93
         Petrifying        |       |       |       |       |     4 |       |       ||     4
 Armour: Robe              |    21 |    36 |   121 |    87 |    63 |    85 |       ||   413
         Ring mail         |       |       |       |   166 |   433 |       |       ||   599
         Troll leather arm |       |       |       |       |       |     2 |    37 ||    39
         Skin              |       |       |       |       |       |       |    18 ||    18
  Dodge: Dodged            |    15 |    32 |    88 |   140 |   156 |    29 |    17 ||   477
  Block: Other             |       |       |       |     6 |       |       |       ||     6
         Buckler           |       |       |       |       |    67 |       |       ||    67
         Reflection        |       |       |       |       |    10 |       |       ||    10
